 Dungeon Crawl Stone Soup version 0.28-a0-1033-g1a2f33fa85 (webtiles) character file.

Game seed: 1584408453297678703

2058 oldriver the Thaumaturge (level 9, -6/64 HPs)
             Began as a White Draconian Conjurer on Dec 7, 2021.
             Was a Follower of Vehumet.
             Engulfed by a cloud of steam (8 damage)
             ... on level 7 of the Dungeon.
             The game lasted 00:15:30 (8313 turns).

oldriver the Thaumaturge (White Draconian Conjurer) Turns: 8313, Time: 00:15:31

Health: -6/64      AC:  9    Str: 13    XL:     9   Next: 5%
Magic:  11/30      EV: 12    Int: 23    God:    Vehumet [*.....]
Gold:   310        SH:  0    Dex:  9    Spells: 12/24 levels left

rFire   . . .      SeeInvis +   t - staff of air
rCold   + . .      Faith    .   (no shield)
rNeg    . . .      Spirit   .   (armour unavailable)
rPois   .          Reflect  .   (helmet restricted)
rElec   +          Harm     .   (no cloak)
rCorr   +          Rampage  .   p - +1 pair of gloves {hurl}
Will    .....                   (no boots)
Stlth   ++........              (no amulet)
HPRegen 0.20/turn               k - ring of magical power
MPRegen 0.22/turn               e - ring "Lalu" {Wiz Contam rCorr Str+3 SInv}

@: flying
A: breathe frost, AC +7, unfitting armour, cold resistance 1, cold-blooded
a: Breathe Frost, Renounce Religion


You were on level 7 of the Dungeon.
You worshipped Vehumet.
Vehumet was aware of your devotion.
You visited 1 branch of the dungeon, and saw 7 of its levels.
You also visited: Ossuary.

You collected 310 gold pieces.

Inventory:

Hand Weapons
 b - a +0 vampiric dagger
Armour
 p - a +1 pair of gloves of hurling (worn)
Magical Staves
 t - a staff of air (weapon)
Jewellery
 e - the ring "Lalu" (right hand) {Wiz Contam rCorr Str+3 SInv}
   (You acquired it on level 5 of the Dungeon)

   [ring of wizardry]

   It improves your spell success rate.
   Str:       It affects your strength (+3).
   SInv:      It lets you see invisible.
   Contam:    It causes magical contamination when unequipped.
   rCorr:     It protects you from acid and corrosion.
 k - a ring of magical power (left hand)
 w - a ring of magical power
Wands
 s - a wand of digging (6)
 y - a wand of flame (21)
Scrolls
 a - 2 scrolls of amnesia {unknown}
 f - a scroll of vulnerability
 g - 2 scrolls of magic mapping {unknown}
 h - 2 scrolls of immolation {unknown}
 i - a scroll of blinking {unknown}
 j - 4 scrolls of identify {unknown}
 l - 2 scrolls of enchant armour {unknown}
 o - a scroll of fog {unknown}
 q - a scroll of silence {unknown}
 r - 3 scrolls of noise {unknown}
Potions
 c - 2 potions of degeneration {unknown}
 d - a potion of might {unknown}
 m - 2 potions of flight
 n - a potion of cancellation {unknown}
 u - a potion of heal wounds {unknown}
 v - 2 potions of brilliance {unknown}
 x - a potion of lignification {unknown}


   Skills:
 + Level 1.2 Fighting
 + Level 3.1 Dodging
 + Level 2.6 Stealth
 * Level 8.3 Spellcasting
 * Level 7.6 Conjurations
 + Level 0.7 Hexes
 * Level 2.1 Translocations


You had 12 spell levels left.
You knew the following spells:

 Your Spells              Type           Power      Damage    Failure   Level
a - Magic Dart            Conj           100%       1d8       1%          1
b - Searing Ray           Conj           88%        2d7       1%          2
c - Iskenderun's Mystic   Conj/Tloc      32%        2d8       3%          4
d - Fulminant Prism       Conj/Hex       14%        3d9       4%          4
e - Slow                  Hex            48%        N/A       1%          1

Your spell library contained the following spells:

 Spells                   Type           Power      Damage    Failure   Level
 Freeze                   Ice            36%        1d6       2%          1
 Dazzling Flash           Conj/Hex       56%        N/A       1%          3
 Confusing Touch          Hex            12%        N/A       6%          3
 Vampiric Draining        Necr           9%         2d6       9%          3


Dungeon Overview and Level Annotations

Branches:
Dungeon (7/15)            Ossuary (visited)
 Temple: D:4-7

Altars:
Dithmenos
Kikubaaqudgha
Qazlal
Vehumet
Xom


Innate Abilities, Weirdness & Mutations

You can breathe waves of freezing cold which knock back foes.
Your icy white scales are hard. (AC +7)
You cannot fit into any form of body armour.
Your flesh is cold resistant. (rC+)
You are cold-blooded and may be slowed by cold attacks.


Message History

Unknown command.
Casting: Iskenderun's Mystic Blast (dangerous; 4% risk of failure)
Confirm with . or Enter, or press ? or * to list all spells.
You erupt in a blast of force!
The mystic blast hits the steam dragon.
The steam dragon is heavily wounded.
The steam dragon is knocked back by the mystic blast.
Casting: Iskenderun's Mystic Blast (dangerous; 4% risk of failure)
Confirm with . or Enter, or press ? or * to list all spells.
Aiming: Searing Ray (safe; 1% risk of failure)
Press: ? - help, Shift-Dir - straight line, f/p - steam dragon
Aim: a steam dragon (heavily wounded, catching its breath, 82% to hit)
The searing ray misses the steam dragon. (Press . to maintain the ray.) Unknown command.
The searing ray hits the steam dragon!
The steam dragon is almost dead.
The searing ray hits the steam dragon.
The steam dragon is almost dead.
You are engulfed in a cloud of scalding steam.
* * * LOW HITPOINT WARNING * * *
The steam dragon breathes steam at you. The ball of steam hits you!
* * * LOW HITPOINT WARNING * * *
Casting: Searing Ray (safe; 1% risk of failure)
Confirm with . or Enter, or press ? or * to list all spells.
You erupt in a blast of force!
The mystic blast hits the steam dragon.
You kill the steam dragon!
Vehumet accepts your kill.
The steam dragon scales are intact enough to wear.
Your Translocations skill increases to level 2!
You have reached level 9!
Your experience leads to an increase in your attributes!
Your base attributes are Str 10, Int 21, Dex 9.
Increase (S)trength, (I)ntelligence, or (D)exterity?
You feel clever. x2; Your scales feel tougher.
It was a potion of flight.
You feel very buoyant.
You fly up into the air.
You are engulfed in a cloud of scalding steam.
You die...

.)g)##.....# #..####....
.#.D.......###..#......#
.#.#§....................#
.###.§§...................
.....§§.K.......<.........
.....§..g.....>............#..##
...#...........................#
..##..........####.............#
...#......##§..#@#§.............
#..#.##...##.K.[....##........
#........####..#..#)##......###
.......>.## #..###...#........#
.......... #.###....#§#.<....#
.........###..##....#§§§#....##
...................#.#.#§#...##
.........#.........§§._§§.....#
....)...##........##.#§#§#..###


You could see a kobold brigand.

Vanquished Creatures
  Sigmund (D:5)
  A steam dragon (D:7)
  A black bear (D:6)
  2 sky beasts (D:6)
  2 centaurs
  An ogre (D:6)
  A kobold brigand (D:5)
  A scorpion (D:5)
  A bullfrog (D:7)
  A gnoll sergeant (D:6)
  2 water moccasin skeletons
  3 jellies
  A bullfrog zombie (D:6)
  A centaur zombie (D:5)
  3 gnoll shamans
  2 orc priests (D:4)
  A hound (D:5)
  3 iguanas
  Ijyb (D:4)
  2 centaur skeletons
  A scorpion zombie (D:5)
  An orc wizard (D:4)
  A hound skeleton (D:4)
  A mummy (D:5)
  15 gnolls
  9 adders
  A shadow imp (D:5)
  A white imp (D:6)
  2 dart slugs (D:1)
  11 orcs
  7 ball pythons
  4 endoplasms
  5 giant cockroaches
  4 goblins
  10 hobgoblins
  7 jackals
  14 kobolds
  3 quokkas
  5 bats
  4 frilled lizards
  A kobold zombie (D:5)
  An orc zombie (D:5)
  4 rats
143 creatures vanquished.

Vanquished Creatures (others)
  A gnoll (D:7)
  A kobold (D:7)
2 creatures vanquished.

Grand Total: 145 creatures vanquished

Notes
Turn   | Place    | Note
-------+----------+-------------------------------------------
     0 | D:1      | oldriver the Draconian Conjurer began the quest for the
                  | Orb.
     0 | D:1      | Reached XP level 1. HP: 14/14 MP: 3/3
   429 | D:1      | Reached XP level 2. HP: 20/20 MP: 2/5
   501 | D:1      | Found a faded altar of an unknown god.
  1118 | D:2      | Reached skill level 3 in Spellcasting
  1218 | D:2      | Reached XP level 3. HP: 26/26 MP: 4/7
  1423 | D:2      | Learned a level 2 spell: Searing Ray
  2326 | D:3      | Reached skill level 4 in Spellcasting
  2326 | D:3      | Reached XP level 4. HP: 33/33 MP: 5/10
  2470 | D:3      | Found a stormy altar of Qazlal.
  3381 | D:4      | Reached XP level 5. HP: 38/38 MP: 11/11
  3447 | D:4      | Noticed Ijyb
  3461 | D:4      | Killed Ijyb
  3684 | D:4      | Reached skill level 5 in Spellcasting
  3745 | D:4      | Reached XP level 6. HP: 27/45 MP: 11/13
  4018 | D:4      | Reached skill level 5 in Conjurations
  4447 | D:4      | Reached skill level 6 in Spellcasting
  4840 | D:4      | Your scales start taking on an icy white colour.
  4840 | D:4      | Reached XP level 7. HP: 44/50 MP: 16/16
  4840 | D:4      | Gained mutation: Your flesh is cold resistant. (rC+) [White
                  | Draconian growth]
  4845 | D:4      | Learned a level 4 spell: Iskenderun's Mystic Blast
  4850 | D:4      | Learned a level 4 spell: Fulminant Prism
  4852 | D:4      | Learned a level 1 spell: Slow
  4911 | D:5      | Entered Level 5 of the Dungeon
  4919 | D:5      | Identified a scroll of acquirement
  4919 | D:5      | Acquired the ring "Lalu" {Wiz Contam rCorr Str+3 SInv}
  4929 | D:5      | Noticed Sigmund
  5036 | D:5      | Found a sand-covered staircase.
  5042 | Ossuary  | Entered an ossuary
  5087 | D:5      | Killed Sigmund
  5561 | D:5      | Reached skill level 7 in Spellcasting
  5845 | D:5      | Reached XP level 8. HP: 58/58 MP: 18/18
  6513 | D:6      | Found a radiant altar of Vehumet.
  6565 | D:6      | Became a worshipper of Vehumet
  7455 | D:6      | Reached skill level 8 in Spellcasting
  7455 | D:6      | Reached skill level 1 in Translocations
  7877 | D:6      | Found an ancient bone altar of Kikubaaqudgha.
  7886 | D:6      | Found a shimmering altar of Xom.
  7942 | D:7      | Found a shadowy altar of Dithmenos.
  8105 | D:7      | Reached * piety under Vehumet
  8105 | D:7      | Offered knowledge of Freeze by Vehumet.
  8107 | D:7      | Reached skill level 1 in Fighting
  8311 | D:7      | HP: 2/59 [steam dragon/ball of steam (8)]
  8313 | D:7      | Reached XP level 9. HP: 2/64 MP: 11/21
  8313 | D:7      | Engulfed by a cloud of steam

Illustrated notes

Levels and vault maps discovered:
D:1:      lemuel_arrival_funnel, layout_loops_cross,
          shapermc_ecumenical_altar_starsandcircs, kennysheep_doodads
D:2:      layout_basic, kennysheep_cluttered_room
D:3:      layout_loops_cross, marbit_many_paths
D:4:      layout_loops_ring, uniq_ijyb
D:5:      layout_loops_ring, nicolae_ossuary_entry_giza,
          minmay_misc_feat_hallway, uniq_sigmund
D:6:      nicolae_BIG_FREAKIN_CUBE, layout_loops_cross,
          mainiacjoe_overflow_swirl, vehumet_crystals, columned_hall_lemuel
D:7:      layout_cave_pools, grunt_dithmenos_smoke_and_mirrors,
          minmay_temple_entry_hall, minmay_misc_feat_room

Skill      XL: |  1  2  3  4  5  6  7  8 |
---------------+-------------------------+-----
Spellcasting   | 3 4 5 6 7 8 |  8.3
Conjurations   | 5 6 7 |  7.6
Stealth        | 2 |  2.6
Dodging        | 2 3 |  3.1
Translocations | 2 |  2.1
Fighting       | 1 |  1.2
Hexes          | |  0.7

Action                   |  1- 3 |  4- 6 |  7- 9 || total
-------------------------+-------+-------+-------++-------
Melee: Unarmed           |     9 |       |       ||     9
       Tailslap          |     2 |       |       ||     2
       Dagger            |       |    13 |     5 ||    18
 Cast: Magic Dart        |    76 |   123 |    83 ||   282
       Searing Ray       |       |    17 |    50 ||    67
       Slow              |       |       |     2 ||     2
       Iskenderun's Myst |       |       |     4 ||     4
  Use: Scroll            |       |       |     3 ||     3
       Potion            |       |       |     1 ||     1
Armor: Skin              |    12 |    12 |    47 ||    71
Dodge: Dodged            |    16 |    34 |    57 ||   107

Table legend: (Time is in decaauts)
 A = Elapsed time spent in this place.
 B = Non-inter-level travel time spent in this place.
 C = Inter-level travel time spent in this place.
 D = Time resting spent in this place.
 E = Time spent auto-exploring this place.
 F = Levels seen in this place.
 G = Mean time per level.
                   A        B        C        D        E       F      G
               +--------+--------+--------+--------+--------+-----+--------+
         Total |   8320 |   7934 |    386 |   2160 |   4764 |   8 | 1040.0 |
       Dungeon |   8313 |   7927 |    386 |   2160 |   4764 |   7 | 1187.6 |
       Ossuary |      6 |      6 |      0 |      0 |      0 |   1 |    6.0 |
               +--------+--------+--------+--------+--------+-----+--------+

Top non-repeatable levels by time:
     D:4: 1695 daAuts
     D:5: 1562 daAuts
     D:6: 1536 daAuts
     D:3: 1260 daAuts
     D:1: 1113 daAuts
     D:2: 917 daAuts
     D:7: 227 daAuts
 Ossuary: 6 daAuts
